 Dungeon Crawl Stone Soup version 0.27.0-66-gdc8fb28755 (webtiles) character file.

Game seed: 9744894507307504864

10 Malachi the Poker (level 2, 25/25 HPs)
             Began as a Merfolk Berserker on Aug 20, 2021.
             Was a Follower of Trog.
             Got out of the dungeon alive.
             The game lasted 00:00:51 (468 turns).

Malachi the Poker (Merfolk Berserker)                Turns: 468, Time: 00:00:51

Health: 25/25      AC:  5    Str: 17    XL:     2   Next: 20%
Magic:  2/2        EV: 12    Int:  6    God:    Trog [*.....]
Gold:   34         SH:  0    Dex: 13    Spells: 1/1 levels left

rFire    . . .     SeeInvis .   a - +0 spear
rCold    . . .     Faith    .   (no shield)
rNeg     . . .     Spirit   .   b - +0 animal skin
rPois    .         Reflect  .   (no helmet)
rElec    .         Harm     .   (no cloak)
rCorr    .         Rampage  .   c - +2 pair of gloves
Will     .....                  (no boots)
Stlth    +.........             (no amulet)
HPRegen  0.08/turn              (no ring)
MPRegen  0.08/turn              (no ring)

@: no status effects
A: (nimble swimmer 2), mertail
a: Renounce Religion, Berserk


You escaped.
You worshipped Trog.
Trog was aware of your devotion.
You visited 1 branch of the dungeon, and saw 1 of its levels.

You collected 34 gold pieces.

Inventory:

Hand Weapons
 a - a +0 spear (weapon)
Armour
 b - a +0 animal skin (worn)
 c - a +2 pair of gloves (worn)
Scrolls
 d - a scroll of identify {unknown}
 e - a scroll of enchant weapon {unknown}
Potions
 f - a potion of invisibility {unknown}


   Skills:
 + Level 3.6 Fighting
 + Level 4.6 Polearms
 + Level 1.5 Armour
 + Level 2.7 Dodging
 + Level 0.2 Stealth


You had one spell level left.
You didn't know any spells.
Your spell library was empty.

Dungeon Overview and Level Annotations

Branches:
Dungeon (1/15)

Altars:

Shops:
D:1 (


Innate Abilities, Weirdness & Mutations

((You are quick and stealthy near water. (Stealth+, EV+, Speed+++)))
Your lower body shifts to a powerful aquatic tail in water.


Message History

You kill the ball python!
Trog accepts your kill.
No target in view!
No target in view!
No target in view!
No target in view!
No target in view!
f - a sedimented grey potion You open the door.
There is an open door here.
Found 21 stones.
A bat comes into view.
A bat is nearby!
A bat is nearby!
The bat hits you but does no damage.
You reach to attack!
You miss the bat. The bat hits you but does no damage.
You puncture the bat!
You kill the bat!
Trog accepts your kill.
No target in view!
No target in view!
Found a flail.
A goblin comes into view. It is wielding a +0 dagger.
A goblin is nearby!
A goblin is nearby!
Found a whip.
You hit the goblin.
You kill the goblin!
Trog accepts your kill.
No target in view!
No target in view!
Unknown command.
Found a scroll labelled PYESKINIWE and a scroll labelled QOTEPTUSSE.
You open the door.
There is an open door here.
There is an open door here.
Your legs become a tail as you enter the water.
There is a staircase leading out of the dungeon here.
Are you sure you want to leave the Dungeon?
This will make you lose the game!
You have escaped!

#####################
#≈≈≈≈≈≈≈≈≈≈..........
#≈≈≈≈≈≈≈≈...≈≈≈......
#≈≈≈≈≈....≈.≈≈≈≈≈....
#≈≈≈≈...≈≈≈.≈.≈≈.≈..#
#≈≈....≈≈≈.≈≈≈..≈.≈..
#≈≈.@.≈≈≈≈≈≈≈≈≈≈.....
#≈≈....≈≈.≈≈≈≈..≈....
#≈≈≈≈...≈≈≈≈≈≈.≈≈≈...
#≈≈≈≈≈.....≈≈≈≈≈...#.
#≈≈≈≈≈≈≈≈....≈≈≈...#.
#≈≈≈≈≈≈≈≈≈≈..........
#################....
##... #††..


There were no monsters in sight!

Vanquished Creatures
  A giant cockroach (D:1)
  2 hobgoblins (D:1)
  A quokka (D:1)
  A ball python (D:1)
  A bat (D:1)
  A frilled lizard (D:1)
  2 goblins (D:1)
  A rat (D:1)
10 creatures vanquished.

Notes
Turn   | Place    | Note
-------+----------+-------------------------------------------
     0 | D:1      | Malachi the Merfolk Berserker began the quest for the Orb.
     0 | D:1      | Reached XP level 1. HP: 18/18 MP: 1/1
   211 | D:1      | Found Ecilosesm's Antique Weapon Emporium.
   259 | D:1      | Reached XP level 2. HP: 24/24 MP: 2/2
   468 | D:$      | Got out of the dungeon alive.

Illustrated notes

Levels and vault maps discovered:
D:1:      dpeg_arrival_more_subterranean_lakeside_camping, layout_basic,
          serial_shops, shop, nicolae_shop_crystal,
          hangedman_decor_clover_reticule

Action                   || total
-------------------------++-------
Melee: Spear             ||    30
 Stab: Sleeping          ||     1
Armor: Animal skin       ||     3
Dodge: Dodged            ||    10
